 Dungeon Sprint DCSS version 0.24-a0-520-g8fd06ad0bc (webtiles) character file.

Game seed: 11243123578286391855

668509 Arthanis the End of an Era (level 24, 142/142 HPs)
             Began as a Vine Stalker Monk on July 26, 2019.
             Was the Champion of Qazlal.
             Escaped with the Orb!
             The game lasted 00:19:25 (897 turns).

Arthanis the End of an Era (Vine Stalker Monk)       Turns: 897, Time: 00:19:26

Health: 142/142    AC: 14    Str: 17    XL:     24   Next: 13%
Magic:  41/67      EV: 30    Int: 20    God:    Qazlal [******]
Gold:   0          SH: 45    Dex: 21    Spells: 72/77 levels left

rFire    + + +     SeeInvis .   a - +7 Singing Sword {slice, sonic wave}
rCold    . . .     Gourm    .   G - +18 shield of the Gong {rElec rN+ MR+ EV-5}
rNeg     + . .     Faith    .   L - +0 troll leather armour
rPois    +         Spirit   +   (no helmet)
rElec    +         Reflect  .   H - +0 cloak "Taanul" {MR++ Str+3}
rCorr    .         Harm     .   O - +1 pair of gloves of Elyvilon's Wrath {rPois Int+2}
MR       +++++     NoTele   +   (no boots)
Stlth    +.........             (no amulet)
HPRegen  1.53/turn              P - ring of magical power
MPRegen  0.40/turn              N - ring "Ruaz" {rElec rF+++ MR- MP+9 Slay+6}

@: repel missiles
A: fangs 3, frail 1, low mp 1, regeneration 2, magic shield, antimagic bite, no
potion heal 3, rot immunity
0: Orb of Zot
a: Upheaval, Elemental Force, Disaster Area, Renounce Religion


You escaped.
You worshipped Qazlal.
Qazlal was exalted by your worship.
You were not hungry.

You visited 1 branch

Inventory:

Hand Weapons
 a - the +7 Singing Sword (weapon) {slice, sonic wave}
   (You found it in the Dungeon)

   It inflicts extra damage upon your enemies.
 D - a +0 spear
 E - the +8 lance "Wyrmbane" {slay drac, rPois rF+ rC+ AC+3}
   (You found it in the Dungeon)

   It affects your AC (+3).
   It protects you from fire.
   It protects you from cold.
   It protects you from poison.
Armour
 y - a +0 robe
 F - the +15 Maxwell's patent armour {-Cast -Tele rElec MR+ rCorr}
   (You found it in the Dungeon)

   It insulates you from electricity.
   It affects your resistance to hostile enchantments.
   It prevents spellcasting.
   It prevents most forms of teleportation.
   It provides partial protection from all sources of acid and corrosion.
 G - the +18 shield of the Gong (worn) {rElec rN+ MR+ EV-5}
   (You found it in the Dungeon)

   It affects your evasion (-5).
   It insulates you from electricity.
   It protects you from negative energy.
   It affects your resistance to hostile enchantments.
 H - the +0 cloak "Taanul" (worn) {MR++ Str+3}
   (You acquired it in the Dungeon)

   It affects your strength (+3).
   It affects your resistance to hostile enchantments.
 I - a +2 pair of gloves of strength
 J - the +2 robe of Noughts and Crosses {rElec Str+3 Int+4}
   (You found it in the Dungeon)

   It affects your strength (+3).
   It affects your intelligence (+4).
   It insulates you from electricity.
 L - a +0 troll leather armour (worn)
 M - a +1 pair of gloves of dexterity
 O - the +1 pair of gloves of Elyvilon's Wrath (worn) {rPois Int+2}
   (You found it in the Dungeon)

   It affects your intelligence (+2).
   It protects you from poison.
Magical Staves
 b - an uncursed staff of energy
Jewellery
 m - an uncursed ring of wizardry
 z - an uncursed ring of flight
 A - a +6 ring of strength
 B - a +6 ring of strength
 K - a +2 amulet of reflection
 N - the ring "Ruaz" (right hand) {rElec rF+++ MR- MP+9 Slay+6}
   (You found it in the Dungeon)

   [ring of magical power]

   It affects your accuracy and damage with ranged weapons and melee attacks
   (+6).
   It renders you almost immune to fire.
   It insulates you from electricity.
   It affects your resistance to hostile enchantments.
   It affects your magic capacity (+9).
 P - a ring of magical power (left hand)
Wands
 v - a wand of disintegration (7)
 w - a wand of iceblast (7)
 x - a wand of acid (3)
Scrolls
 i - 3 scrolls of blinking
 p - 4 scrolls of amnesia
 q - 7 scrolls of fog
 r - a scroll of holy word
 s - 5 scrolls of identify
 t - 5 scrolls of remove curse
 u - 2 scrolls of fear
Potions
 d - 10 potions of curing
 e - 10 potions of heal wounds
 f - 6 potions of haste
 g - a potion of magic
 h - 2 potions of berserk rage
 j - 2 potions of brilliance
 k - 2 potions of invisibility
 l - 4 potions of resistance
 n - 5 potions of agility
 o - 3 potions of might
Miscellaneous
 C - a lightning rod (4/4)
Comestibles
 c - 5 rations


   Skills:
 O Level 27 Fighting
 - Level 20.1 Long Blades
 - Level 2.6 Polearms
 O Level 27 Armour
 O Level 27 Dodging
 - Level 2.4 Stealth
 O Level 27 Shields
 O Level 27 Spellcasting
 + Level 23.1 Charms
 O Level 27 Necromancy
 O Level 27 Invocations
 O Level 27 Evocations


You had 72 spell levels left.
You knew the following spells:

 Your Spells              Type           Power        Failure   Level  Hunger
a - Regeneration          Chrm/Necr      #######...   0%          3    None
b - Sublimation of Blood  Necr           #######...   0%          2    None

Your spell library contained the following spells:

 Spells                   Type           Power        Failure   Level  Hunger
 Animate Skeleton         Necr           N/A          0%          1    None
 Infusion                 Chrm           ####         0%          1    None
 Pain                     Necr           ####         0%          1    None
 Shroud of Golubria       Chrm/Tloc      ######       0%          2    None
 Song of Slaying          Chrm           #######.     0%          2    None
 Vampiric Draining        Necr           #######...   0%          3    None
 Animate Dead             Necr           N/A          0%          4    None
 Beastly Appendage        Tmut           ####..       1%          1    None
 Flame Tongue             Conj/Fire      ####.        1%          1    None
 Freeze                   Ice            ####         1%          1    None
 Sandblast                Erth           ####..       1%          1    None
 Passwall                 Tmut/Erth      ####....     1%          2    None
 Sticks to Snakes         Tmut           ####....     1%          2    None
 Throw Flame              Conj/Fire      ####..       1%          2    None
 Throw Frost              Conj/Ice       ####..       1%          2    None
 Ozocubu's Armour         Chrm/Ice       ######..     1%          3    None
 Spectral Weapon          Hex/Chrm       ######..     1%          3    None
 Conjure Flame            Conj/Fire      ####....     3%          3    None
 Ignite Poison            Fire/Tmut/Pois ####....     3%          3    None
 Inner Flame              Hex/Fire       ####....     3%          3    None
 Recall                   Summ/Tloc      N/A          3%          3    None
 Spider Form              Tmut/Pois      ####......   3%          3    None
 Static Discharge         Conj/Air       ####....     3%          3    None
 Stone Arrow              Conj/Erth      ####..       3%          3    None
 Summon Guardian Golem    Hex/Summ       ####....     3%          3    None
 Teleport Other           Tloc           ####....     3%          3    None
 Cause Fear               Hex            ####......   13%         4    None
 Ice Form                 Ice/Tmut       ####....     13%         4    None
 Petrify                  Tmut/Erth      ####....     13%         4    None
 Sticky Flame             Conj/Fire      ####....     13%         4    None
 Summon Ice Beast         Ice/Summ       ####....     13%         4    None
 Throw Icicle             Conj/Ice       ####....     13%         4    None
 Alistair's Intoxication  Tmut/Pois      ####....     34%         5    None
 Aura of Abjuration       Summ           ####......   34%         5    None
 Blade Hands              Tmut           ####......   34%         5    None
 Fireball                 Conj/Fire      ####......   34%         5    None
 Irradiate                Conj/Tmut      ####......   34%         5    None
 Lee's Rapid Deconstruct  Erth           ####......   34%         5    None
 Lightning Bolt           Conj/Air       ####......   34%         5    None
 Summon Demon             Summ           ####......   34%         5    None
 Summon Forest            Summ/Tloc      ####......   34%         5    None
 Summon Mana Viper        Hex/Summ       ####....     34%         5    None
 Bolt of Fire             Conj/Fire      ####......   89%         6    #......
 Dispersal                Tloc           ####......   89%         6    #......
 Shadow Creatures         Summ           N/A          89%         6    #......
 Dragon Form              Tmut           ####......   100%        7    ####...
 Summon Hydra             Summ           ####......   100%        7    ####...
 Ignition                 Fire           ####......   100%        8    ######.
 Dragon's Call            Summ           ####......   100%        9    #######
 Shatter                  Erth           ####......   100%        9    #######
 Tornado                  Air            ####......   100%        9    #######
 Passage of Golubria      Tloc           Unusable     N/A         4    N/A

Dungeon Overview and Level Annotations

Branches:
Dungeon (1/1)

Altars:
Ashenzari
Cheibriados
Dithmenos
Elyvilon
Fedhas
Gozag
Hepliaklqana
Kikubaaqudgha
Makhleb
Nemelex Xobeh
Okawaru
Qazlal
Ru
Sif Muna
Trog
Uskayaw
Vehumet
Wu Jian
Xom
Yredelemnul
Zin
The Shining One
Beogh
Jiyva
Lugonu


Innate Abilities, Weirdness & Mutations

You have razor-sharp teeth.
You heal very quickly.
When hurt, damage is shared between your health and your magic reserves.
Your bite disrupts and absorbs the magic of your enemies.
Potions cannot restore your health.
You are immune to rotting.
You are frail. (-10% HP)
Your magical capacity is low. (-10% MP)


Message History

Your fire elemental disappears in a puff of smoke!
Your air elemental disappears in a puff of smoke!
Your air elemental disappears in a puff of smoke!
There is a transporter here.
An exit appears before you!
You enter the transporter and appear at another place.
Found the Orb of Zot.
Found a staircase leading out of the dungeon.
You see here the Orb of Zot.
You pick up the Orb of Zot!
The Orb lets out a hideous shriek!
The lords of Pandemonium are not amused.
Beware!
Now all you have to do is get back out of the dungeon!
Your skin is crawling a little less now.
There is a staircase leading out of the dungeon here.
You can't go down here!
Unknown command.
There is a staircase leading out of the dungeon here.
You can't go down here!
Your skin stops crawling.
You have escaped!

...†........▓.......≈.≈...▓...8©8
..≈..≈††....▓..▓...)≈..▓..▓...?..
..≈)....≈...▓≈≈.....≈=≈...▓...=.)
..†....≈....▓≈.≈.....≈.≈≈.▓...)..
..≈.≈≈≈.....▓≈≈≈≈..©≈.≈...▓...)..
......≈≈....▓▓▓▓▓▓▓▓▓▓▓▓▓▓▓...[..
▓...≈≈≈≈▓.. ▓8888888888888▓......
.▓...≈≈▓≈▓..▓8...○.......8▓....).
▓.....≈.▓...▓8..@.....©..8▓.▓....
≈...≈≈≈≈≈≈..▓8.☼.........8▓....©.
....©≈.≈≈.≈.▓8888888888888▓▓▓▓▓▓▓
▓▓▓▓▓▓▓▓▓▓▓▓▓▓▓▓▓▓▓▓▓▓▓▓▓▓▓▓▓▓▓▓▓
.....8©8........▓ ......8©8..}..
})|!}}).})?|}|).▓ }|::[)≈})(:.=.
}=}....|)).))[..▓ ).)≈.[).)..≈..
.=....)...)=.=..▓ ()).≈≈≈≈..≈≈.[
[..............)▓ ≈≈≈≈.≈..≈)≈)≈†


There were no monsters in sight!

Vanquished Creatures
  2 Tzitzimimeh (D)
  78 pandemonium lords (D)
  A lich (D)
  An Orb Guardian (D)
  9 titans (D)
  A quicksilver dragon (D)
  6 acid blobs (D)
  4 Executioners (D)
  3 shadow dragons (D)
  A storm dragon (D)
  7 nagarajas (D)
  10 frost giants (D)
  9 fire giants (D)
  4 azure jellies (D)
  2 balrugs (D)
  4 iron dragons (D)
  2 ghost moths (D)
  2 warmongers (D)
  A corrupter (D)
  A ghoul (D)
  3 green draconians (D)
  12 stone giants (D)
  3 entropy weavers (D)
  3 vampire knights (D)
  3 white draconians (D)
  A black draconian (D)
  A purple draconian (D)
  5 yellow draconians (D)
  10 ettins (D)
  A green death (D)
  4 merfolk javelineers (D)
  A blizzard demon (D)
  5 death oozes (D)
  A merfolk impaler (D)
  3 great orbs of eyes (D)
  3 fire dragons (D)
  A hell beast (D)
  3 ice dragons (D)
  11 vault guards (D)
  5 naga warriors (D)
  A monstrous demonspawn (D)
  4 hydras (D)
  13 anacondas (D)
  A merfolk avatar (D)
  3 merfolk aquamancers (D)
  2 hell hogs (D)
  A satyr (D)
  A thrashing horror (D)
  A wretched star (D)
  A sun demon (D)
  2 deep elf knights (D)
  2 sixfirhies (D)
  A sea snake (D)
  An infernal demonspawn (D)
  2 swamp dragons (D)
  A deep elf archer (D)
  2 gelid demonspawn (D)
  A shadow demon (D)
  3 necromancers (D)
  A deep elf mage (D)
  3 wolf spiders (D)
  2 ugly things (D)
  2 shining eyes (D)
  2 orb spiders (D)
  10 cyclopes (D)
  A merfolk siren (D)
  6 guardian serpents (D)
  3 manticores (D)
  A moth of wrath (D)
  A water nymph (D)
  2 rust devils (D)
  3 black mambas (D)
  5 eyes of devastation (D)
  2 orange demons (D)
  10 naga magi (D)
  10 rime drakes (D)
  5 yaktaurs (D)
  2 efreet (D)
  A hellwing (D)
  2 ancient zymes (D)
  A kobold demonologist (D)
  5 demonic crawlers (D)
  2 ice devils (D)
  A red devil (D)
  4 merfolk (D)
  2 jumping spiders (D)
  2 hornets (D)
  12 slime creatures (D)
  A small abomination (D)
  A snapping turtle (D)
  8 redbacks (D)
  A ynoxinul (D)
  3 fire elementals (D)
  2 tarantellas (D)
  A yak (D)
  3 vampires (D)
  3 shadows (D)
  5 wyverns (D)
  A golden eye (D)
  12 steam dragons (D)
  2 nagas (D)
  4 acid dragons (D)
  A floating eye (D)
  4 water moccasins (D)
  3 hell hounds (D)
  A porcupine (D)
  3 large abominations (D)
  2 orc warriors (D)
  12 swamp drakes (D)
  3 necrophages (D)
  2 eyes of draining (D)
  2 phantoms (D)
  A wolf (D)
  A crocodile (D)
  A bullfrog (D)
  7 wights (D)
  A crimson imp (D)
  2 quasits (D)
  3 orc priests (D)
  An iron imp (D)
  10 jellies (D)
  2 iguanas (D)
  6 orc wizards (D)
  6 adders (D)
  A shadow imp (D)
  A white imp (D)
  An ufetubus (D)
  3 oozes (D)
  2 adder skeletons (D)
  5 orcs (D)
  3 ball pythons (D)
  A bat skeleton (D)
  2 bat zombies (D)
  A jackal (D)
  A ball python zombie (D)
  A leopard gecko skeleton (D)
  3 quokka skeletons (D)
  9 fire vortices (D)
528 creatures vanquished.

Vanquished Creatures (collateral kills)
  A pandemonium lord (D)
  An acid blob (D)
  An anaconda (D)
  A naga (D)
4 creatures vanquished.

Vanquished Creatures (others)
  2 pandemonium lords (D)
  An orange demon (D)
3 creatures vanquished.

Grand Total: 535 creatures vanquished

Notes
Turn   | Place    | Note
-------+----------+-------------------------------------------
     0 | D        | Found the +6 Majin-Bo {vamp, Archmagi MP+6 Int+6}
     0 | D        | Found the +7 great mace "Firestarter" {inner flame, rF++}
     0 | D        | Arthanis the Vine Stalker Monk began the quest for the Orb.
     0 | D        | Reached XP level 1. HP: 11/11 MP: 2/2
     0 | D        | Found a deep blue altar of Sif Muna.
     0 | D        | Found a sacrificial altar of Ru.
     0 | D        | Found a bloodstained altar of Trog.
     0 | D        | Found a stormy altar of Qazlal.
     0 | D        | Found an iron altar of Okawaru.
     0 | D        | Found a sparkling altar of Nemelex Xobeh.
     0 | D        | Found a blossoming altar of Fedhas.
     4 | D        | Found a transporter.
     4 | D        | Found an ancient bone altar of Kikubaaqudgha.
     4 | D        | Found a viscous altar of Jiyva.
     4 | D        | Found a corrupted altar of Lugonu.
     4 | D        | Found a hazy altar of Hepliaklqana.
     4 | D        | Found a burning altar of Makhleb.
     4 | D        | Found an opulent altar of Gozag.
    20 | D        | Became a worshipper of Qazlal Stormbringer
    20 | D        | Reached * piety under Qazlal
    20 | D        | Reached ** piety under Qazlal
    29 | D        | Found the +6 shillelagh "Devastator" {shatter}
    29 | D        | Found the +11 plutonium sword {*Contam Stlth-}
    29 | D        | Found the +8 lance "Wyrmbane" {slay drac, rPois rF+ rC+
                  | AC+3}
    29 | D        | Found the +9 sword of Zonguldrok {reap}
    29 | D        | Found the cursed +13 scythe of Curses {drain, *Curse}
    29 | D        | Found the +0 sword of Power
    29 | D        | Found the +7 mace of Variability {chain chaos}
    29 | D        | Found the +7 Singing Sword {slice, sonic wave}
    29 | D        | Found the +8 storm bow {elec, penet}
    31 | D        | Found the +9 heavy crossbow "Sniper" {velocity, Acc+∞ SInv}
    31 | D        | Found the +10 dark maul {crush}
    31 | D        | Found the +15 Maxwell's patent armour {-Cast -Tele rElec
                  | MR+ rCorr}
    31 | D        | Found the +18 shield of the Gong {rElec rN+ MR+ EV-5}
    31 | D        | Found the cursed +14 obsidian axe {chop, +Fly SInv *Curse}
    50 | D        | Reached XP level 2. HP: 17/17 MP: 3/5
    54 | D        | Entered arena 2.
    54 | D        | Noticed a brown ugly thing
    54 | D        | Noticed a red ugly thing
    54 | D        | Found a transporter.
    61 | D        | Killed a red ugly thing
    61 | D        | Reached skill level 5 in Armour
    61 | D        | Reached skill level 5 in Dodging
    61 | D        | Reached skill level 5 in Shields
    61 | D        | Reached skill level 5 in Evocations
    61 | D        | Reached XP level 3. HP: 24/24 MP: 6/8
    61 | D        | Gained mutation: Your natural rate of healing is unusually
                  | fast. [Vine Stalker growth]
    61 | D        | Reached XP level 4. HP: 28/28 MP: 6/9
    61 | D        | Reached XP level 5. HP: 32/32 MP: 6/10
    61 | D        | Reached XP level 6. HP: 37/37 MP: 6/11
    65 | D        | Killed a red ugly thing
    65 | D        | Reached XP level 7. HP: 42/42 MP: 11/13
    76 | D        | Entered arena 3.
    76 | D        | Noticed an ice devil
    76 | D        | Found a transporter.
    79 | D        | Killed an ice devil
    79 | D        | Reached skill level 5 in Invocations
    79 | D        | Gained mutation: You have razor-sharp teeth. [Vine Stalker
                  | growth]
    79 | D        | Reached XP level 8. HP: 46/46 MP: 14/14
    81 | D        | Reached *** piety under Qazlal
    90 | D        | Entered arena 4.
    90 | D        | Noticed a rime drake
    90 | D        | Found a transporter.
    92 | D        | Killed a rime drake
    92 | D        | Reached **** piety under Qazlal
    93 | D        | Reached skill level 10 in Invocations
    93 | D        | Reached XP level 9. HP: 50/50 MP: 14/17
   101 | D        | Got an ichor-stained cloak
   107 | D        | Identified the +0 cloak "Taanul" {MR++ Str+3} (You acquired
                  | it in the Dungeon)
   108 | D        | Entered arena 5.
   108 | D        | Found a transporter.
   114 | D        | Reached ***** piety under Qazlal
   124 | D        | Entered arena 6.
   124 | D        | Noticed a rime drake
   124 | D        | Found a transporter.
   126 | D        | Killed a rime drake
   137 | D        | Entered arena 7.
   137 | D        | Noticed a deep elf knight
   137 | D        | Noticed a deep elf knight
   137 | D        | Noticed a deep elf mage
   137 | D        | Noticed a deep elf archer
   138 | D        | Found a transporter.
   139 | D        | Killed a deep elf mage
   139 | D        | Killed a deep elf archer
   139 | D        | Reached XP level 10. HP: 55/55 MP: 19/22
   139 | D        | Killed a deep elf knight
   139 | D        | Reached skill level 15 in Invocations
   139 | D        | Killed a deep elf knight
   139 | D        | Reached ****** piety under Qazlal
   154 | D        | Entered arena 8.
   155 | D        | Found a transporter.
   187 | D        | Entered arena 9.
   188 | D        | Found the +2 pair of boots of the Assassin {Detection Stab+
                  | Stlth++}
   188 | D        | Found a transporter.
   198 | D        | Got the +2 robe of Noughts and Crosses {rElec Str+3 Int+4}
   201 | D        | Got the Incunabulum of the Traveller and Companions
   204 | D        | Entered arena 10.
   205 | D        | Found a transporter.
   223 | D        | Entered arena 11.
   224 | D        | Found a transporter.
   225 | D        | Reached XP level 11. HP: 43/58 MP: 20/25
   242 | D        | Entered arena 12.
   242 | D        | Noticed a manticore
   242 | D        | Noticed a manticore
   242 | D        | Noticed a cyclops
   242 | D        | Noticed a merfolk aquamancer
   242 | D        | Noticed a sea snake
   242 | D        | Noticed a merfolk impaler
   242 | D        | Noticed a merfolk javelineer
   243 | D        | Noticed a merfolk avatar
   243 | D        | Noticed a satyr
   244 | D        | Killed a manticore
   244 | D        | Killed a manticore
   244 | D        | Killed a merfolk javelineer
   244 | D        | Killed a merfolk impaler
   244 | D        | Killed a merfolk avatar
   244 | D        | Killed a cyclops
   244 | D        | Killed a merfolk aquamancer
   244 | D        | Reached skill level 10 in Evocations
   244 | D        | Killed a satyr
   245 | D        | Killed a sea snake
   246 | D        | Found a transporter.
   267 | D        | Entered arena 13.
   267 | D        | Noticed a necromancer
   267 | D        | Noticed a necromancer
   267 | D        | Noticed a vampire knight
   269 | D        | Found a transporter.
   270 | D        | Killed a necromancer
   270 | D        | Killed a necromancer
   270 | D        | Gained mutation: You heal very quickly. [Vine Stalker
                  | growth]
   270 | D        | Reached XP level 12. HP: 63/63 MP: 27/27
   270 | D        | Killed a vampire knight
   294 | D        | Entered arena 14.
   294 | D        | Noticed a merfolk aquamancer
   295 | D        | Identified the amulet of Soenucla {Reflect Str-2 Dex+6
                  | SH+3}
   295 | D        | Noticed a merfolk javelineer
   295 | D        | Noticed a merfolk javelineer
   295 | D        | Identified the ring of Moodiness {Ice *Contam rElec rPois}
   295 | D        | Noticed a merfolk aquamancer
   296 | D        | Identified the +13 crystal plate armour "Suji" {rN++}
   296 | D        | Noticed a merfolk javelineer
   297 | D        | Killed a merfolk javelineer
   297 | D        | Killed a merfolk aquamancer
   297 | D        | Killed a merfolk aquamancer
   297 | D        | Killed a merfolk javelineer
   297 | D        | Killed a merfolk javelineer
   298 | D        | Found a transporter.
   309 | D        | Got the Reference Book on Helpful Translocation
   324 | D        | Entered arena 15.
   324 | D        | Noticed a wretched star
   324 | D        | Noticed a large abomination
   326 | D        | Found the +10 large shield of Ignorance {rN+ Int-4}
   326 | D        | Noticed a thrashing horror
   327 | D        | Killed a thrashing horror
   327 | D        | Killed a large abomination
   328 | D        | Found a transporter.
   329 | D        | Killed a wretched star
   329 | D        | Reached XP level 13. HP: 67/67 MP: 17/29
   352 | D        | Entered arena 16.
   352 | D        | Noticed a fire dragon
   352 | D        | Noticed a fire giant
   352 | D        | Noticed a fire giant
   353 | D        | Noticed a fire giant
   353 | D        | Noticed a fire dragon
   354 | D        | Killed a fire giant
   354 | D        | Killed a fire giant
   354 | D        | Killed a fire dragon
   354 | D        | Killed a fire giant
   354 | D        | Killed a fire dragon
   356 | D        | Found a transporter.
   376 | D        | Entered arena 17.
   378 | D        | Noticed a black draconian
   378 | D        | Noticed a green draconian
   378 | D        | Noticed a yellow draconian
   378 | D        | Noticed a white draconian
   378 | D        | Noticed a purple draconian
   378 | D        | Noticed a green draconian
   378 | D        | Noticed an Orb Guardian
   379 | D        | Noticed a white draconian
   379 | D        | Noticed a green draconian
   379 | D        | Noticed a yellow draconian
   379 | D        | Noticed a yellow draconian
   379 | D        | Noticed a storm dragon
   379 | D        | Noticed a yellow draconian
   379 | D        | Noticed a white draconian
   379 | D        | Noticed a yellow draconian
   380 | D        | Killed a yellow draconian
   380 | D        | Reached skill level 15 in Evocations
   380 | D        | Killed a white draconian
   380 | D        | Killed a green draconian
   380 | D        | Killed a yellow draconian
   380 | D        | Killed a white draconian
   380 | D        | Killed a black draconian
   380 | D        | Killed a green draconian
   380 | D        | Killed a green draconian
   380 | D        | Killed a storm dragon
   380 | D        | Reached XP level 14. HP: 46/72 MP: 20/32
   380 | D        | Killed an Orb Guardian
   380 | D        | Killed a yellow draconian
   380 | D        | Killed a purple draconian
   380 | D        | Killed a white draconian
   380 | D        | Killed a yellow draconian
   382 | D        | Killed a yellow draconian
   383 | D        | Found a transporter.
   409 | D        | Entered arena 18.
   412 | D        | Noticed a lich
   413 | D        | Noticed a shadow dragon
   413 | D        | Identified the ring "Ferhab" {rF+ rN+ Str+2}
   413 | D        | Identified the +6 scimitar "Topoca" {slice, Dex+3}
   414 | D        | Found the +3 robe of Folly {Archmagi, MR-- Int+5}
   414 | D        | Reached skill level 27 in Invocations
   414 | D        | Killed a lich
   414 | D        | Reached skill level 10 in Shields
   416 | D        | Killed a shadow dragon
   417 | D        | Found a transporter.
   425 | D        | Entered arena 19.
   427 | D        | Noticed a ghoul
   428 | D        | Noticed a vampire knight
   429 | D        | Killed a ghoul
   429 | D        | Killed a vampire knight
   429 | D        | Reached XP level 15. HP: 75/75 MP: 20/33
   431 | D        | Found a transporter.
   452 | D        | Entered arena 20.
   460 | D        | Noticed an acid blob
   462 | D        | Found the ring of the Octopus King {AC+1 EV+1 Str+1 Int+1
                  | Dex+1 Stlth+}
   468 | D        | Killed an acid blob
   469 | D        | Found a transporter.
   493 | D        | Entered arena 21.
   497 | D        | Noticed Kuakif the pandemonium lord
   497 | D        | Noticed Tuatof the pandemonium lord
   497 | D        | Noticed Mocs the pandemonium lord
   497 | D        | Noticed Womiym the pandemonium lord
   498 | D        | Noticed an Executioner
   498 | D        | Noticed Ytaxoc the pandemonium lord
   498 | D        | Noticed Qyxim the pandemonium lord
   498 | D        | Noticed Ifeusk the pandemonium lord
   498 | D        | Noticed Efuroph the pandemonium lord
   498 | D        | Noticed Ytemmoer the pandemonium lord
   498 | D        | Noticed Visixkoi the pandemonium lord
   499 | D        | Noticed Qiroweh the pandemonium lord
   499 | D        | Killed Girghoi the pandemonium lord
   499 | D        | Killed Womiym the pandemonium lord
   499 | D        | Killed an Executioner
   500 | D        | Killed Ytaxoc the pandemonium lord
   500 | D        | Reached XP level 16. HP: 80/80 MP: 20/34
   500 | D        | Killed Kuakif the pandemonium lord
   500 | D        | Killed Efuroph the pandemonium lord
   500 | D        | Killed Ifeusk the pandemonium lord
   500 | D        | Killed Ytemmoer the pandemonium lord
   500 | D        | Reached skill level 27 in Evocations
   500 | D        | Killed Keorch the pandemonium lord
   501 | D        | Killed Qyxim the pandemonium lord
   501 | D        | Killed Mocs the pandemonium lord
   501 | D        | Reached skill level 10 in Fighting
   501 | D        | Killed Visixkoi the pandemonium lord
   501 | D        | Reached skill level 10 in Dodging
   501 | D        | Reached XP level 17. HP: 95/95 MP: 14/35
   502 | D        | Killed Qiroweh the pandemonium lord
   502 | D        | Reached skill level 10 in Armour
   502 | D        | Killed Jayfiock the pandemonium lord
   502 | D        | Reached skill level 15 in Fighting
   502 | D        | Killed Tuatof the pandemonium lord
   502 | D        | Noticed Zatuvur the pandemonium lord
   503 | D        | Noticed Waadaing the pandemonium lord
   504 | D        | Noticed Qiclocwo the pandemonium lord
   504 | D        | Noticed Lylu the pandemonium lord
   506 | D        | Noticed Sesutrut the pandemonium lord
   507 | D        | Killed Zatuvur the pandemonium lord
   507 | D        | Killed Qiclocwo the pandemonium lord
   508 | D        | Killed Sesutrut the pandemonium lord
   509 | D        | Killed Waadaing the pandemonium lord
   511 | D        | Found the +7 sceptre of Torment {pain, torment}
   514 | D        | Killed Lylu the pandemonium lord
   514 | D        | Reached XP level 18. HP: 60/112 MP: 2/36
   523 | D        | Found a transporter.
   533 | D        | Got the +1 pair of gloves of Elyvilon's Wrath {rPois Int+2}
   556 | D        | Entered arena 22.
   562 | D        | Reached skill level 15 in Dodging
   565 | D        | Found a transporter.
   581 | D        | Entered arena 23.
   586 | D        | Gained mutation: You are frail. (-10% HP) [a shining eye]
   586 | D        | Gained mutation: Your magical capacity is low. (-10% MP) [a
                  | shining eye]
   587 | D        | Paralysed by a floating eye for 3 turns
   591 | D        | Reached skill level 15 in Armour
   600 | D        | Found a transporter.
   619 | D        | Entered arena 24.
   623 | D        | Noticed Ywunor the pandemonium lord
   623 | D        | Noticed Qunguloj the pandemonium lord
   624 | D        | Noticed Ejack the pandemonium lord
   624 | D        | Noticed Epuylowk the pandemonium lord
   624 | D        | Noticed Humauji the pandemonium lord
   624 | D        | Noticed Byablohe the pandemonium lord
   625 | D        | Noticed Haps the pandemonium lord
   625 | D        | Noticed Dirol the pandemonium lord
   625 | D        | Killed Ywunor the pandemonium lord
   625 | D        | Killed Hoawy the pandemonium lord
   625 | D        | Killed Humauji the pandemonium lord
   625 | D        | Killed Byablohe the pandemonium lord
   625 | D        | Noticed Loebad the pandemonium lord
   625 | D        | Noticed Myckab the pandemonium lord
   625 | D        | Noticed Biquill the pandemonium lord
   625 | D        | Noticed Zorehuy the pandemonium lord
   626 | D        | Noticed Muuna the pandemonium lord
   626 | D        | Killed Qunguloj the pandemonium lord
   626 | D        | Killed Ejack the pandemonium lord
   626 | D        | Reached XP level 19. HP: 114/114 MP: 19/33
   626 | D        | Killed Myckab the pandemonium lord
   626 | D        | Killed Haps the pandemonium lord
   626 | D        | Killed Epuylowk the pandemonium lord
   626 | D        | Noticed Haifoona the pandemonium lord
   627 | D        | Noticed Gosomn the pandemonium lord
   627 | D        | Noticed Apet the pandemonium lord
   627 | D        | Noticed a Tzitzimitl
   628 | D        | Killed Biquill the pandemonium lord
   628 | D        | Killed Loebad the pandemonium lord
   628 | D        | Killed Ojoila the pandemonium lord
   628 | D        | Reached skill level 27 in Fighting
   628 | D        | Killed Haifoona the pandemonium lord
   628 | D        | Killed a Tzitzimitl
   628 | D        | Noticed Vonaijyrri the pandemonium lord
   628 | D        | Noticed Piacviar the pandemonium lord
   628 | D        | Noticed Zicull the pandemonium lord
   629 | D        | Noticed Tadokaj the pandemonium lord
   629 | D        | Killed Jumubu the pandemonium lord
   629 | D        | Noticed Varrou Muew the pandemonium lord
   630 | D        | Killed Muuna the pandemonium lord
   630 | D        | Killed Apet the pandemonium lord
   630 | D        | Killed Dirol the pandemonium lord
   630 | D        | Killed Piacviar the pandemonium lord
   630 | D        | Reached XP level 20. HP: 123/123 MP: 22/34
   630 | D        | Killed Vonaijyrri the pandemonium lord
   630 | D        | Killed Gosomn the pandemonium lord
   630 | D        | Killed Zorehuy the pandemonium lord
   631 | D        | Killed Zicull the pandemonium lord
   631 | D        | Killed Tadokaj the pandemonium lord
   631 | D        | Noticed Irealulir the pandemonium lord
   633 | D        | Killed Irealulir the pandemonium lord
   634 | D        | Noticed a Tzitzimitl
   636 | D        | Killed a Tzitzimitl
   642 | D        | Found a transporter.
   644 | D        | Killed Varrou Muew the pandemonium lord
   661 | D        | Entered arena 25.
   673 | D        | Found the +8 glaive of the Guard {elec, +Rage AC+5 SInv}
   683 | D        | Found a transporter.
   708 | D        | Entered arena 26.
   716 | D        | Noticed Uleuk the pandemonium lord
   717 | D        | Noticed Herphyume the pandemonium lord
   717 | D        | Noticed Woubod the pandemonium lord
   717 | D        | Noticed Odalerue the pandemonium lord
   717 | D        | Noticed Qynnis the pandemonium lord
   717 | D        | Noticed Qeucai the pandemonium lord
   717 | D        | Noticed Toaruon the pandemonium lord
   717 | D        | Noticed Teschayne the pandemonium lord
   717 | D        | Noticed Tylidar the pandemonium lord
   717 | D        | Noticed Atitoibi the pandemonium lord
   718 | D        | Noticed Sad Qah the pandemonium lord
   718 | D        | Killed Woubod the pandemonium lord
   718 | D        | Killed Herphyume the pandemonium lord
   718 | D        | Reached XP level 21. HP: 127/127 MP: 29/35
   718 | D        | Noticed Lysahise the pandemonium lord
   718 | D        | Noticed Esmonwa the pandemonium lord
   718 | D        | Noticed Henuor the pandemonium lord
   719 | D        | Killed Qeucai the pandemonium lord
   719 | D        | Killed Tylidar the pandemonium lord
   719 | D        | Killed Odalerue the pandemonium lord
   719 | D        | Killed Uleuk the pandemonium lord
   719 | D        | Killed Teschayne the pandemonium lord
   719 | D        | Reached skill level 27 in Armour
   719 | D        | Reached skill level 27 in Dodging
   719 | D        | Noticed Cahipped the pandemonium lord
   719 | D        | Noticed Dotud the pandemonium lord
   719 | D        | Noticed Egheleer the pandemonium lord
   719 | D        | Noticed Nudgh the pandemonium lord
   719 | D        | Noticed Kawobre the pandemonium lord
   720 | D        | Killed Lysahise the pandemonium lord
   720 | D        | Killed Toaruon the pandemonium lord
   720 | D        | Killed Esmonwa the pandemonium lord
   720 | D        | Killed Qynnis the pandemonium lord
   720 | D        | Noticed Giypsu the pandemonium lord
   720 | D        | Noticed Hedocly the pandemonium lord
   721 | D        | Killed Sad Qah the pandemonium lord
   721 | D        | Reached skill level 27 in Shields
   721 | D        | Reached skill level 10 in Spellcasting
   721 | D        | Killed Nudgh the pandemonium lord
   721 | D        | Killed Atitoibi the pandemonium lord
   721 | D        | Killed Egheleer the pandemonium lord
   721 | D        | Killed Kawobre the pandemonium lord
   721 | D        | Reached XP level 22. HP: 133/133 MP: 9/41
   722 | D        | Noticed Ixoinush the pandemonium lord
   722 | D        | Noticed Bunoh Camin the pandemonium lord
   722 | D        | Noticed Foobad the pandemonium lord
   722 | D        | Noticed Riage the pandemonium lord
   723 | D        | Killed Cahipped the pandemonium lord
   723 | D        | Killed Henuor the pandemonium lord
   723 | D        | Killed Ixoinush the pandemonium lord
   723 | D        | Killed Giypsu the pandemonium lord
   723 | D        | Noticed Sicsogat the pandemonium lord
   723 | D        | Noticed Uwymalo the pandemonium lord
   723 | D        | Noticed Qitrong the pandemonium lord
   723 | D        | Killed Riage the pandemonium lord
   724 | D        | Killed Bunoh Camin the pandemonium lord
   724 | D        | Killed Dotud the pandemonium lord
   724 | D        | Killed Foobad the pandemonium lord
   724 | D        | Noticed Ceniug the pandemonium lord
   725 | D        | Killed Hedocly the pandemonium lord
   725 | D        | Reached skill level 27 in Spellcasting
   725 | D        | Killed Sicsogat the pandemonium lord
   725 | D        | Killed Ceniug the pandemonium lord
   725 | D        | Killed Bamnev the pandemonium lord
   725 | D        | Killed Qitrong the pandemonium lord
   725 | D        | Reached skill level 15 in Long Blades
   725 | D        | Killed Uwymalo the pandemonium lord
   728 | D        | Noticed Wuipt the pandemonium lord
   728 | D        | Noticed Fuschydip the pandemonium lord
   729 | D        | Noticed Mimpuj the pandemonium lord
   729 | D        | Noticed Teinaupn the pandemonium lord
   729 | D        | Noticed Hejumut the pandemonium lord
   729 | D        | Noticed Dibbakk the pandemonium lord
   730 | D        | Learned a level 3 spell: Regeneration
   731 | D        | Killed Teinaupn the pandemonium lord
   731 | D        | Killed Wuipt the pandemonium lord
   731 | D        | Killed Mimpuj the pandemonium lord
   736 | D        | Noticed Gathus the pandemonium lord
   740 | D        | Killed Fuschydip the pandemonium lord
   740 | D        | Reached skill level 5 in Charms
   740 | D        | Reached XP level 23. HP: 126/137 MP: 3/49
   744 | D        | Killed Dibbakk the pandemonium lord
   744 | D        | Killed Gathus the pandemonium lord
   744 | D        | Reached skill level 10 in Necromancy
   747 | D        | Killed Hejumut the pandemonium lord
   752 | D        | Learned a level 2 spell: Sublimation of Blood
   765 | D        | Found a transporter.
   773 | D        | Got the ring "Ruaz" {rElec rF+++ MR- MP+9 Slay+6}
   816 | D        | Entered arena 27.
   827 | D        | Found the ring of the Mage {Wiz MR++ Int+3}
   827 | D        | Reached skill level 10 in Charms
   827 | D        | Reached skill level 15 in Necromancy
   828 | D        | Reached skill level 15 in Charms
   835 | D        | Identified the +6 scythe "Umpuumo" {slice, rElec}
   836 | D        | Found a transporter.
   849 | D        | Entered arena 28.
   861 | D        | Identified the amulet "Foajimp" {MR+ Regen+}
   863 | D        | Reached XP level 24. HP: 110/142 MP: 49/49
   863 | D        | Reached skill level 27 in Necromancy
   864 | D        | Found the +7 pair of quick blades "Gyre" and "Gimble"
                  | {protect}
   865 | D        | Found the +0 Maxwell's etheric cage {RegenMP+ *Contam rElec
                  | MP+4}
   870 | D        | Found a transporter.
   890 | D        | Got the Orb of Zot
   897 | D        | Escaped with the Orb!

Levels and vault maps discovered:
D:        sprint_v [room_start, room_1, room_2, room_3, room_4, room_5, room_6,
          room_7, room_8, room_9, room_10, room_11, room_12, room_13, room_14,
          room_15, room_16, room_17, room_18, room_19, room_20, room_21,
          room_22, room_23, room_24, room_25, room_26, room_27]

Skill      XL: |  1  2  3  4  5  6  7  8  9 10 11 12 13 14 15 16 17 18 19 20 21 22 23 24 |
---------------+-------------------------------------------------------------------------+-----
Fighting       | 4 6 7 13 19 24 27 | 27.0
Armour         | 2 5 6 9 14 17 22 26 27 | 27.0
Dodging        | 3 5 6 10 14 17 22 26 27 | 27.0
Shields        | 2 5 6 12 16 20 27 | 27.0
Evocations     | 2 5 6 7 11 13 16 19 23 27 | 27.0
Invocations    | 5 10 14 18 20 23 26 27 | 27.0
Spellcasting   | 18 27 | 27.0
Long Blades    | 20 | 20.1
Charms         | 5 20 23 | 23.1
Necromancy     | 7 26 27 | 27.0
Polearms       | |  2.6
Stealth        | |  2.4

Action                   |  1- 3 |  4- 6 |  7- 9 | 10-12 | 13-15 | 16-18 | 19-21 | 22-24 || total
-------------------------+-------+-------+-------+-------+-------+-------+-------+-------++-------
Melee: Double sword      |     6 |     4 |    22 |    14 |       |     1 |       |       ||    47
       Bite              |     3 |     2 |     6 |     6 |       |       |       |       ||    17
 Cast: Regeneration      |       |       |       |       |       |       |       |     5 ||     5
       Sublimation of Bl |       |       |       |       |       |       |       |     6 ||     6
Invok: Disaster Area     |       |       |       |    10 |     8 |    13 |    14 |    17 ||    62
       Upheaval          |       |       |       |       |     1 |       |       |       ||     1
       Elemental Force   |       |       |       |       |     2 |     1 |     2 |     2 ||     7
Evoke: Staff of energy   |       |       |       |    22 |    29 |    27 |    22 |    12 ||   112
       Wand              |       |       |       |       |       |     4 |       |       ||     4
  Use: Potion            |     2 |       |     2 |       |       |     1 |     2 |     3 ||    10
       Scroll            |       |       |     1 |       |       |       |       |     1 ||     2
  Eat: Ration            |       |       |       |       |     1 |       |     1 |       ||     2
Armor: Plate armour      |     2 |       |    14 |     9 |       |       |       |       ||    25
       Troll leather arm |       |       |       |       |     1 |     2 |       |     1 ||     4
Dodge: Dodged            |       |       |     4 |     4 |       |     2 |     4 |    10 ||    24
       Deflected         |       |       |       |     2 |     1 |     1 |       |     3 ||     7
Block: Shield            |     6 |     3 |    35 |    39 |     3 |    17 |    10 |    28 ||   141
       Rpst.: Double sword |       |       |       |     1 |       |       |       |       ||     1

Table legend:
 A = Non-vault XP
 B = Vault XP
 C = Vault XP percentage of total XP
 D = Non-vault monster count
 E = Vault monster count
 F = Vault count percentage of total count
                 A         B        C        D         E       F
            +---------+---------+-------+---------+---------+-------
      Total |       0 |  848764 | 100.0 |       0 |     526 | 100.0
            +---------+---------+-------+---------+---------+-------
          D |       0 |  848764 | 100.0 |       0 |     526 | 100.0
            +---------+---------+-------+---------+---------+-------
